 Dungeon Crawl Stone Soup version 0.29-a0-824-gd827844252 (webtiles) character file.

Game seed: 3020857412085755506

231 gobodom the Trooper (level 5, -2/43 HPs)
             Began as a Demonspawn Abyssal Knight on July 10, 2022.
             Was a Priest of Lugonu.
             Slain by an ogre
             ... wielding a +0 giant spiked club
              (5 damage)
             ... on level 4 of the Dungeon.
             The game lasted 00:09:42 (3843 turns).

gobodom the Trooper (Demonspawn Abyssal Knight)     Turns: 3843, Time: 00:09:42

Health: -2/43      AC: 14    Str: 15    XL:     5   Next: 73%
Magic:  7/7        EV:  4    Int: 11    God:    Lugonu [***...]
Gold:   174        SH:  3    Dex: 14    Spells: 4/4 levels left

rFire   + . .      SeeInvis .   a - +1 hand axe
rCold   + . .      Faith    .   q - +0 buckler
rNeg    . . .      Spirit   .   f - +0 plate armour
rPois   .          Reflect  .   p - +0 helmet
rElec   .          Harm     .   c - scarf {rC+ rF+}
rCorr   .          Rampage  .   (no gloves)
Will    .....                   (no boots)
Stlth   ..........              (no amulet)
HPRegen 0.14/turn               (no ring)
MPRegen 0.10/turn               (no ring)

@: no status effects
A: claws 1, icy blue scales 1, powered by pain 1
a: Renounce Religion, Depart the Abyss, Bend Space, Banish


You were on level 4 of the Dungeon.
You worshipped Lugonu.
Lugonu was most pleased with you.
You visited 1 branch of the dungeon, and saw 4 of its levels.
You visited the Abyss 1 time.

You collected 174 gold pieces.

Inventory:

Hand Weapons
 a - a +1 hand axe (weapon)
 s - a +0 dagger of venom
 t - a +4 dagger
Armour
 b - a +0 leather armour
 c - a scarf of resistance (worn)
 f - a +0 plate armour (worn)
 j - a +0 scale mail
 p - a +0 helmet (worn)
 q - a +0 buckler (worn)
Wands
 k - a wand of quicksilver (6)
 n - a wand of charming (7) (quivered)
Scrolls
 d - a scroll of amnesia {unknown}
 e - 3 scrolls of fog {unknown}
 i - a scroll of acquirement {unknown}
 o - a scroll of poison {unknown}
 r - a scroll of identify {unknown}
Potions
 g - a potion of attraction {unknown}
 h - 2 potions of curing
 l - a potion of resistance {unknown}
 m - 4 potions of haste {unknown}


   Skills:
 + Level 4.5 Fighting
 + Level 3.5 Axes
 + Level 2.7 Armour
 + Level 1.1 Dodging
 + Level 0.1 Stealth
 + Level 0.4 Shields
 + Level 2.8 Invocations
 + Level 0.1 Evocations


You had 4 spell levels left.
You didn't know any spells.
Your spell library contained the following spells:

 Spells                   Type           Power      Damage    Failure   Level
 Blink                    Tloc           0%         N/A       100%        2
 Lesser Beckoning         Tloc           0%         N/A       100%        3
 Manifold Assault         Tloc           0%         N/A       100%        5


Dungeon Overview and Level Annotations

Branches:
Dungeon (4/15)
 Temple: D:4-7

Altars:


Innate Abilities, Weirdness & Mutations

You have sharp fingernails.
You are partially covered in icy blue scales. (AC +2)
You sometimes gain a little power by taking damage.


Message History

Aiming: Charm
Press: ? - help, Q - select action, (/) - cycle Shift-Dir - straight line, f/p - iguana
Aim: an iguana (almost dead, chance to affect: 57%)
The iguana is charmed.
The ogre closely misses your iguana.
A ball python comes into view.
The ball python moves out of view.
The ball python barely misses your iguana. x2
The ball python completely misses your iguana.
The ball python grabs your iguana. The ball python constricts your iguana.
Your iguana struggles to escape constriction.
The ball python barely misses your iguana.
The ball python constricts your iguana.
Your iguana struggles to escape constriction.
The ogre hits your iguana with a +0 giant spiked club.
Your iguana dies!
Aiming: Charm
Press: ? - help, Q - select action, (/) - cycle Shift-Dir - straight line, f - ball python
Aim: a ball python (chance to affect: 66%)
The ball python is charmed.
The kobold throws a stone.
The stone hits your ball python.
The kobold closely misses your ball python.
The kobold hits your ball python with a +0 short sword.
Your ball python dies!
Aiming: Charm
Press: ? - help, Q - select action, (/) - cycle Shift-Dir - straight line, f - kobold
Aim: a kobold, wielding a +0 short sword and quivering stones (chance to affect: 66%)
The kobold is charmed.
The ogre hits your kobold with a +0 giant spiked club!
Your kobold dies!
Aiming: Charm
Press: ? - help, Q - select action, (/) - cycle Shift-Dir - straight line, f - ogre
Aim: an ogre, wielding a +0 giant spiked club (chance to affect: 49%)
The ogre is charmed.
The ogre is no longer charmed.
The ogre hits you with a +0 giant spiked club!
* * * LOW HITPOINT WARNING * * *
You barely miss the ogre.
The ogre hits you with a +0 giant spiked club.
You die...

.. #. #.# #.......# ##.##
#.##.#######.####.......# #..#
.#.........O.......####### ##.#
..........####.###### ######.#
...........# #.## ##.....)÷
...........# #..# ##......).
...........# ##.# #.........
...........# #.##### #.........
........K..# #.@O..####)))...^..
........O..# #####.##).).)......
..$.......## #...)#.........
.).#.....### #...###........
...#####...########.#..###.....#.
.### ###.†.....†..##.# ######## #
#..###########.# .....# #.#
#####.. #.#


You could see an ogre.

Vanquished Creatures
  A jelly (D:4)
  2 orc priests (D:3)
  Robin (D:4)
  2 adders
  An ufetubus (D:4)
  3 worms
  3 orcs (D:2)
  3 ball pythons
  6 endoplasms
  3 giant cockroaches
  11 goblins
  8 hobgoblins
  5 quokkas
  5 bats
  2 frilled lizards (D:1)
  6 kobolds
  7 rats
69 creatures vanquished.

Vanquished Creatures (others)
  An iguana (D:4)
  A goblin (D:4)
  A hobgoblin (D:4)
  A kobold (D:4)
  A ball python (D:4)
5 creatures vanquished.

Grand Total: 74 creatures vanquished

Notes
Turn   | Place    | Note
-------+----------+-------------------------------------------
     0 | Abyss:1  | gobodom the Demonspawn Abyssal Knight began the quest for
                  | the Orb.
     0 | Abyss:1  | Reached XP level 1. HP: 18/18 MP: 2/2
     6 | Abyss:1  | Found a corrupted altar of Lugonu.
    20 | D:1      | Escaped the Abyss
   485 | D:1      | Gained mutation: You have sharp fingernails. [demonic
                  | ancestry]
   485 | D:1      | Reached XP level 2. HP: 24/24 MP: 3/3
   587 | D:1      | Reached skill level 1 in Dodging
  1385 | D:2      | Reached *** piety under Lugonu
  1386 | D:2      | Gained mutation: You are partially covered in icy blue
                  | scales. (AC +2) [demonic ancestry]
  1386 | D:2      | Reached XP level 3. HP: 25/29 MP: 5/5
  1642 | D:3      | Noticed a golden eye
  1644 | D:3      | Found a faded altar of an unknown god.
  1646 | D:3      | Noticed a golden eye
  1646 | D:3      | Noticed an eye of devastation
  1646 | D:3      | Noticed a floating eye
  3051 | D:3      | Reached XP level 4. HP: 26/37 MP: 6/6
  3071 | D:3      | Reached skill level 4 in Fighting
  3245 | D:4      | Gained mutation: You sometimes gain a little power by
                  | taking damage. [demonic ancestry]
  3245 | D:4      | Reached XP level 5. HP: 31/43 MP: 7/7
  3466 | D:4      | Noticed Robin
  3486 | D:4      | Killed Robin
  3728 | D:4      | Noticed an ogre
  3843 | D:4      | Slain by an ogre

Illustrated notes

Levels and vault maps discovered:
D:1:      ebering_trefoil_3fold, layout_loops_ring
D:2:      kennysheep_six_static_rooms, layout_basic, kennysheep_small_spiral
D:3:      layout_basic, hellmonk_ecumenical_altar_watching_god, uniq_sigmund
D:4:      layout_rooms, tgw_sif, kennysheep_nondescript, grunt_ministairs_6,
          uniq_robin

Skill      XL: |  1  2  3  4 |
---------------+-------------+-----
Axes           | 2 3 |  3.5
Dodging        | 1 |  1.1
Armour         | 2 |  2.7
Fighting       | 4 |  4.5
Stealth        | |  0.1
Shields        | |  0.4
Invocations    | |  2.8
Evocations     | |  0.1

Action                   |  1- 3 |  4- 6 || total
-------------------------+-------+-------++-------
Melee: Hand axe          |   170 |    66 ||   236
       Punch             |     1 |       ||     1
Invok: Bend Space        |     2 |     1 ||     3
Evoke: Wand              |       |     8 ||     8
Armor: Leather armour    |    23 |       ||    23
       Plate armour      |    79 |    66 ||   145
Dodge: Dodged            |    62 |    22 ||    84
Block: Buckler           |     3 |    21 ||    24

Table legend: (Time is in decaauts)
 A = Elapsed time spent in this place.
 B = Non-inter-level travel time spent in this place.
 C = Inter-level travel time spent in this place.
 D = Time resting spent in this place.
 E = Time spent auto-exploring this place.
 F = Levels seen in this place.
 G = Mean time per level.
                   A        B        C        D        E       F      G
               +--------+--------+--------+--------+--------+-----+--------+
         Total |   3886 |   3828 |     58 |    286 |   2746 |   5 |  777.2 |
       Dungeon |   3866 |   3808 |     58 |    286 |   2746 |   4 |  966.5 |
         Abyss |     20 |     20 |      0 |      0 |      0 |   1 |   20.0 |
               +--------+--------+--------+--------+--------+-----+--------+

Top non-repeatable levels by time:
     D:2: 1375 daAuts
     D:1: 1161 daAuts
     D:4: 741 daAuts
     D:3: 589 daAuts
 Abyss:1: 20 daAuts
